 Dungeon Crawl Stone Soup version 0.20.1-1-g8b1a95d (webtiles) character file.

90 empire the Grave Robber (level 4, 0/30 HPs)
             Began as a Mummy Necromancer on Sept 15, 2017.
             Slain by an adder (5 damage)
             ... on level 3 of the Dungeon.
             The game lasted 00:05:53 (2062 turns).

empire the Grave Robber (Mummy Necromancer)         Turns: 2062, Time: 00:05:53

Health: 0/30       AC:  2    Str: 11    XL:     4   Next: 32%
Magic:  0/8        EV: 12    Int: 15    God:
Gold:   118        SH:  0    Dex: 12    Spells: 7/8 levels left

rFire    . . .     SeeInvis .   a - +0 dagger (curse)
rCold    . . .     Gourm    .   (no shield)
rNeg     + + +     Faith    .   d - +0 robe
rPois    ∞         Spirit   .   (no helmet)
rElec    .         Reflect  .   (no cloak)
rCorr    .         Harm     .   (no gloves)
MR       .....                  (no boots)
Stlth    ++........             (no amulet)
Regen    0.1/turn               c - ring of fire
MPRegen  0.2/turn               (no ring)

@: no status effects
A: no food or potions, fire vulnerability, cold resistance 1, negative energy
resistance 3, torment resistance, unbreathing
a: no special abilities


You were on level 3 of the Dungeon.
You were not hungry.

You visited 1 branch of the dungeon, and saw 3 of its levels.

You collected 118 gold pieces.

Inventory:

Hand Weapons
 a - a cursed +0 dagger (weapon)
 b - a +0 short sword
Armour
 d - a +0 robe (worn)
Jewellery
 c - a ring of fire (left hand)
Scrolls
 e - 3 scrolls of identify
 g - a scroll of teleportation {unknown}
 h - a scroll of enchant armour {unknown}
Books
 f - a book of Necromancy

   Spells                             Type                      Level
   a - Pain                           Necromancy                   1
   b - Animate Skeleton               Necromancy                   1
   c - Vampiric Draining              Necromancy                   3
   d - Regeneration                   Charms/Necromancy            3
   e - Animate Dead                   Necromancy                   4
   f - Control Undead                 Necromancy                   4


   Skills:
 - Level 1.5 Dodging
 - Level 1.5 Stealth
 - Level 2.6 Spellcasting
 + Level 5.8 Necromancy


You had 7 spell levels left.
You knew the following spells:

 Your Spells              Type           Power        Failure   Level  Hunger
a - Pain                  Necr           ###.         1%          1    N/A

Dungeon Overview and Level Annotations

Branches:
Dungeon (3/15)

Altars:

Annotations:
D:2 Robin


Innate Abilities, Weirdness & Mutations

You do not eat or drink.
Your flesh is vulnerable to fire.
You are immune to poison.
Your flesh is cold resistant. (rC+)
You are immune to negative energy. (rN+++)
You are immune to unholy pain and torment.
You can survive without breathing.


Message History

Confirm with . or Enter, or press ? or * to list all spells.
Aiming: Pain
Press: ? - help, Shift-Dir - straight line, f - adder
Aim: an adder (chance to defeat MR: 84%)
The adder writhes in agony!
The adder barely misses you.
You closely miss the adder.
The adder is heavily wounded.
The adder bites you.
* * * LOW HITPOINT WARNING * * *
The adder bites you but does no damage. The adder barely misses you.
You see here a dagger.
Casting: Pain
Confirm with . or Enter, or press ? or * to list all spells.
You don't have enough magic to cast that spell.
Unknown command.
The adder barely misses you.
There is a stone staircase leading up here.
The adder bites you.
You die...

# #. ##. ### ...
..#
##.#####.####..#
#.....g.........
#.....##g#.#...
#.....##S#
#.....)<@#
#.....####
#######


You could see an adder and a goblin.

Vanquished Creatures
  Jessica (D:2)
  An adder (D:2)
  5 dart slugs
  6 bats
  A giant cockroach (D:1)
  9 goblins
  4 hobgoblins
  8 kobolds
  A quokka (D:3)
  2 frilled lizards
  7 rats
45 creatures vanquished.

Notes
Turn   | Place    | Note
-------+----------+-------------------------------------------
     0 | D:1      | empire the Mummy Necromancer began the quest for the Orb.
     0 | D:1      | Reached XP level 1. HP: 13/13 MP: 4/4
   162 | D:1      | Reached XP level 2. HP: 7/19 MP: 2/5
  1195 | D:1      | Reached skill level 5 in Necromancy
  1195 | D:1      | Reached XP level 3. HP: 20/24 MP: 1/7
  1787 | D:2      | Noticed Jessica
  1800 | D:2      | Killed Jessica
  1800 | D:2      | Reached XP level 4. HP: 25/30 MP: 2/8
  2038 | D:2      | Noticed Robin
  2062 | D:3      | Slain by an adder

Skill      XL: |  1  2 |
---------------+-------+-----
Necromancy     | 5 |  5.8
Dodging        | |  1.5
Stealth        | |  1.5
Spellcasting   | |  2.6

Action                   |  1- 3 |  4- 6 || total
-------------------------+-------+-------++-------
Melee: Unarmed           |    11 |       ||    11
       Dagger            |    37 |     2 ||    39
 Cast: Pain              |    60 |    15 ||    75
  Use: Scroll            |     2 |       ||     2
 Stab: Sleeping          |     2 |     1 ||     3
Armor: Robe              |     5 |     1 ||     6
Dodge: Dodged            |    40 |    15 ||    55
